 Dungeon Crawl Stone Soup version 0.30-a0-54-g2e61a25929 (webtiles) character file.

Game seed: 12439938768977793358

5 ytrimaz the Shooter (level 1, -19/16 HPs)
             Began as a Demonspawn Hunter on Sept 7, 2022.
             Killed by an exploding jackal (31 damage)
             ... ignited by their inner flame
             ... on level 1 of the Dungeon.
             The game lasted 00:00:51 (540 turns).

ytrimaz the Shooter (Demonspawn Hunter)              Turns: 540, Time: 00:00:52

Health: -19/16     AC:  3    Str: 11    XL:     1   Next: 66%
Magic:  1/1        EV: 12    Int: 10    God:
Gold:   32         SH:  0    Dex: 16    Spells: 0/0 levels left

rFire   . . .      SeeInvis .    a - +0 shortbow
rCold   . . .      Faith    .    (shield currently unavailable)
rNeg    . . .      Spirit   .    c - +0 leather armour
rPois   .          Reflect  .    (no helmet)
rElec   .          Harm     .    (no cloak)
rCorr   .          Rampage  .    (no gloves)
Will    .....                    (no boots)
Stlth   +.........               (no amulet)
HPRegen 0.05/turn                (no ring)
MPRegen 0.07/turn                (no ring)

@: no status effects
A: no striking features
a: no special abilities


You were on level 1 of the Dungeon.
You visited 1 branch of the dungeon, and saw 1 of its levels.

You collected 32 gold pieces.


   Skills:
 + Level 2.1 Fighting
 + Level 3.7 Ranged Weapons
 + Level 2.0 Dodging
 - Level 0.8 Stealth


You couldn't memorise any spells.
You didn't know any spells.
Your spell library was empty.

Inventory:

Hand Weapons
 a - a +0 shortbow (weapon)
Armour
 c - a +0 leather armour (worn)
Jewellery
 e - a +6 ring of dexterity
   (You found it on level 1 of the Dungeon)
Scrolls
 d - a scroll of vulnerability {unknown}
 f - a scroll of brand weapon {unknown}

Dungeon Overview and Level Annotations

Branches:
Dungeon (1/15) Zot: 5450

Altars:

#.# #####.##).#####.#
#.# ##.##.......>#
#.# ##......#######
#)# #####.......# #.#
#...........#
##.######.#####.###.#
#.........# #.....#
##.######## #.#####
### #@# #○# #h# #h#
.h# ..# ... !...


You could see 3 jackals.


Message History

Unknown command. 😮 HP[+3]
You regained 3 hp, and now have 12/16 hp.
Things that are here:
a +0 club; a kobold corpse Key pressed, stopping explore.
You see here a +0 whip.
Key pressed, stopping explore.
Key pressed, stopping explore.
Unknown command. 😎 HP[+4]
Your hp is fully restored (16).
A kobold comes into view. It is wielding a +0 whip.
The kobold shouts!
A kobold is nearby!
A kobold is nearby!
Fire: a) +0 shortbow
Press: ? - help, Q - select action Shift-Dir - straight line, f - kobold
Aim: a kobold, wielding a +0 whip (55% to hit)
You shoot an arrow. The arrow closely misses the kobold.
Unknown command.
Fire: a) +0 shortbow
Press: ? - help, Q - select action Shift-Dir - straight line, f/p - kobold
Aim: a kobold, wielding a +0 whip (55% to hit)
You shoot an arrow. The arrow barely misses the kobold.
Unknown command.
Unknown command.
Fire: a) +0 shortbow
Press: ? - help, Q - select action Shift-Dir - straight line, f/p - kobold
Aim: a kobold, wielding a +0 whip (55% to hit)
You shoot an arrow. The arrow hits the kobold!
You kill the kobold!
Your Dodging skill increases to level 2!
Unknown command.
Unknown command.
Found a stone staircase leading down.
Unknown command.
e - a +6 ring of dexterity You open the door.
There is an open door here.
f - a scroll labelled EREVAFYI PETWE As you open the door, it creaks loudly!
There is an open door here.
Key pressed, stopping explore.
A jackal comes into view.
A jackal is nearby!
Fire: a) +0 shortbow
Press: ? - help, Q - select action Shift-Dir - straight line, f - jackal
Aim: a jackal (asleep, 98% to hit)
You shoot an arrow. The arrow hits the jackal.
The jackal barks!
A jackal comes into view.
Unknown command.
Fire: a) +0 shortbow
Press: ? - help, Q - select action Shift-Dir - straight line, f/p - jackal
Aim: a jackal (heavily wounded, 55% to hit)
You shoot an arrow. The jackal barks!
The arrow hits the jackal but does no damage.
The jackal stops to sniff the ground.
A jackal comes into view. x2
Unknown command.
Unknown command.
Fire: a) +0 shortbow
Press: ? - help, Q - select action Shift-Dir - straight line, f/p - jackal
Aim: a jackal (heavily wounded, 55% to hit)
You shoot an arrow. The arrow barely misses the jackal.
The arrow closely misses the jackal.
The arrow barely misses the jackal.
The jackal barks!
Unknown command.
Unknown command.
Fire: a) +0 shortbow
Press: ? - help, Q - select action Shift-Dir - straight line, f/p - jackal
Aim: a jackal (heavily wounded, 55% to hit)
You shoot an arrow.
The arrow hits the jackal but does no damage.
The jackal bites you. 😕 HP[-2]
You take 2 damage, and now have 14/16 hp.
Unknown command.
You aren't carrying any potions.
Unknown command.
Really read the scroll of immolation?
As you read the scroll of immolation, it crumbles to dust.
The creatures around you are filled with an inner flame!
The jackal bites you.
The jackal bites you but does no damage. 😮 HP[-2]
You take 2 damage, and now have 12/16 hp.
Unknown command.
Fire: a) +0 shortbow
Press: ? - help, Q - select action Shift-Dir - straight line, f/p - jackal
Aim: a jackal (heavily wounded, inner flame, 55% to hit)
You shoot an arrow. The arrow hits the jackal.
Flame seeps out of the jackal.
The jackal is engulfed in blazing flames.
The jackal explodes!
The fiery explosion engulfs you!!
Ouch! That really hurt!
You die...

Skill      XL: |  1 |
---------------+----+-----
Dodging        | 2 |  2.0
Fighting       | |  2.1
Ranged Weapons | |  3.7
Stealth        | |  0.8

Action                   || total
-------------------------++-------
 Fire: Shortbow          ||    23
  Use: Scroll            ||     1
Armor: Leather armour    ||     3
Dodge: Dodged            ||     4

Levels and vault maps discovered:
D:1:      dpeg_arrival_three_same_balls, layout_loops_corners, serial_glass,
          glass_columns_c, glass_columns_b, feat_on_display,
          minmay_strange_pillars, due_unseen_surprise

Notes
Turn   | Place    | Note
-------+----------+-------------------------------------------
     0 | D:1      | ytrimaz the Demonspawn Hunter began the quest for the Orb.
     0 | D:1      | Reached XP level 1. HP: 16/16 MP: 1/1
     0 | D:1      | magus.rc [v1.9.6]
   469 | D:1      | Reached skill level 2 in Dodging
   540 | D:1      | Killed by an exploding jackal... ignited by their inner
                  | flame

Vanquished Creatures
  2 ball pythons (D:1)
  A jackal (D:1)
  A frilled lizard (D:1)
  2 kobolds (D:1)
6 creatures vanquished.

Table legend:
 A = Non-vault XP
 B = Vault XP
 C = Vault XP percentage of total XP
 D = Non-vault monster count
 E = Vault monster count
 F = Vault count percentage of total count
                 A         B        C        D         E       F
            +---------+---------+-------+---------+---------+-------
      Total |      10 |       0 |   0.0 |       6 |       0 |   0.0
            +---------+---------+-------+---------+---------+-------
        D:1 |      10 |       0 |   0.0 |       6 |       0 |   0.0
            +---------+---------+-------+---------+---------+-------

Illustrated notes

Table legend:
 A = Kills in this place as a percentage of kills in entire the game.
 B = Kills by you in this place as a percentage of kills by you in the entire game.
 C = Kills by friends in this place as a percentage of kills by friends in the entire game.
 D = Other kills in this place as a percentage of other kills in the entire game.
 E = Experience gained in this place as a percentage of experience gained in the entire game.
 F = Experience gained in this place divided by the number of levels of this place that you have seen.
                   A       B       C       D       E      F
               +-------+-------+-------+-------+-------+----------------------
         Total | 100.0 | 100.0 |   N/A |   N/A | 100.0 |  10.0
       Dungeon | 100.0 | 100.0 |   N/A |   N/A | 100.0 |  10.0
               +-------+-------+-------+-------+-------+----------------------

Table legend: (Time is in decaauts)
 A = Elapsed time spent in this place.
 B = Non-inter-level travel time spent in this place.
 C = Inter-level travel time spent in this place.
 D = Time resting spent in this place.
 E = Time spent auto-exploring this place.
 F = Levels seen in this place.
 G = Mean time per level.
                   A        B        C        D        E       F      G
               +--------+--------+--------+--------+--------+-----+--------+
         Total |    548 |    548 |      0 |      0 |    498 |   1 |  548.0 |
       Dungeon |    548 |    548 |      0 |      0 |    498 |   1 |  548.0 |
               +--------+--------+--------+--------+--------+-----+--------+

Top non-repeatable levels by time:
     D:1: 548 daAuts
